Map: Submarine LE

Players

Chrono - Winner!

  • Race: Protoss Protoss
  • League: Master
  • Spawn Location: 11:00

kirby

  • Race: Terran Terran
  • League: Master
  • Spawn Location: 5:00

VOD

Have the link to the VOD?

Description

Time

  • Played on: Nov. 18, 2020, 9:24 p.m.
  • Length: 17:52
Show
View Real Time Build Order
Export as new Build Order

Chrono Protoss - Winner!

Build Orders: 1 Gate Expand, Blink Stalkers 

Get SALT Encoding   

  12  0:00  Probe  
  13  0:12  Probe  
  14  0:19  Pylon  
  14  0:24  Probe  
  15  0:37  Probe (Chrono Boost)  
  15  0:38  Gateway  
  16  0:49  Probe (Chrono Boost)  
  17  0:51  Assimilator  
  17  0:54  Probe (Chrono Boost)  
  18  1:04  Probe (Chrono Boost)  
  19  1:13  Probe (Chrono Boost)  
  19  1:16  Pylon  
  20  1:25  Cybernetics Core  
  20  1:41  Nexus  
  20  1:47  Probe  
  21  1:52  Assimilator  
  21  1:59  Probe  
  21  2:00  Adept (Chrono Boost)  
  24  2:07  Shield Battery  
  24  2:09  Warp Gate  
  24  2:13  Probe  
  25  2:21  Stalker (Chrono Boost)  
  27  2:31  Probe  
  27  2:43  Probe  
  27  2:44  Twilight Council  
  28  2:58  Stalker (Chrono Boost)  
  28  2:59  Probe  
  28  3:00  Probe  
  33  3:13  Probe (Chrono Boost)  
  33  3:15  Probe (Chrono Boost)  
  33  3:19  Robotics Facility  
  34  3:23  Probe (Chrono Boost)  
  34  3:26  Probe (Chrono Boost)  
  36  3:28  Probe (Chrono Boost)  
  37  3:37  Probe  
  38  3:42  Gateway x2  
  38  3:45  Probe  
  39  3:49  Probe  
  38  3:56  Blink (Chrono Boost)  
  38  3:57  Probe  
  38  4:01  Probe  
  40  4:04  Pylon  
  40  4:07  Observer (Chrono Boost)  
  40  4:09  Probe  
  42  4:13  Probe  
  43  4:21  Pylon, Probe  
  43  4:23  Stalker  
  46  4:25  Probe  
  47  4:38  Probe  
  47  4:42  Observer, Probe  
  47  4:44  Nexus  
  50  4:48  Stalker x3  
  50  4:52  Probe  
  57  4:54  Assimilator  
  57  4:56  Assimilator  
  57  4:59  Pylon  
  57  5:02  Probe  
  57  5:05  Probe  
  57  5:07  Observer (Chrono Boost)  
  60  5:13  Pylon  
  60  5:14  Probe  
  60  5:19  Probe  
  62  5:22  Stalker x2  
  62  5:23  Stalker  
  62  5:26  Probe  
  62  5:28  Observer  
  70  5:36  Probe  
  70  5:40  Probe  
  72  5:48  Probe  
  73  5:50  Shield Battery, Charge (Chrono Boost)  
  73  5:51  Observer  
  73  5:52  Probe  
  75  5:58  Probe  
  75  6:00  Probe  
  75  6:01  Gateway  
  75  6:02  Gateway  
  77  6:04  Gateway  
  77  6:05  Probe  
  77  6:09  Forge  
  77  6:10  Probe  
  79  6:12  Probe  
  79  6:17  Probe  
  81  6:21  Templar Archives  
  81  6:22  Probe  
  81  6:23  Pylon  
  81  6:24  Sentry, Probe, Zealot x2  
  89  6:29  Immortal (Chrono Boost)  
  93  6:36  Pylon  
  93  6:39  Pylon  
  93  6:41  Probe  
  93  6:45  Protoss Ground Weapons Level 1 (Chrono Boost)  
  94  6:50  Psionic Storm  
  94  6:51  Probe  
  95  6:57  Observer  
  95  6:58  Gateway x2  
  95  6:59  High Templar  
  95  7:00  Pylon  
  96  7:05  Shield Battery  
  96  7:12  Zealot x2  
  96  7:13  Zealot x3  
  96  7:15  Pylon  
  106  7:18  Assimilator  
  106  7:25  Assimilator  
  106  7:26  Immortal (Chrono Boost)  
  106  7:27  Probe  
  101  7:35  Stalker x3  
  101  7:36  Stalker  
  99  7:37  Observer  
  99  7:38  Observer  
  99  7:39  Zealot  
  99  7:45  Probe  
  99  7:48  Stalker  
  92  7:51  Probe  
  93  8:00  Immortal (Chrono Boost)  
  93  8:05  High Templar  
  99  8:07  Nexus  
  99  8:09  Probe x2  
  99  8:10  Pylon  
  101  8:23  Robotics Facility  
  101  8:29  High Templar, Robotics Bay  
  101  8:30  Zealot  
  101  8:31  Zealot x5  
  115  8:37  Shield Battery  
  115  8:38  Protoss Ground Weapons Level 2 (Chrono Boost)  
  115  8:44  Warp Prism  
  117  8:49  Probe x2  
  119  8:56  Zealot  
  119  8:57  Zealot x5  
  119  9:02  Probe  
  132  9:04  Pylon  
  132  9:06  High Templar, Stalker  
  136  9:12  Observer  
  136  9:23  Observer (Chrono Boost)  
  134  9:30  Photon Cannon  
  146  9:40  Extended Thermal Lance, Colossus x2 (Chrono Boost)  
  146  9:41  Probe  
  146  9:43  Assimilator  
  146  9:44  Pylon  
  147  9:46  Assimilator  
  147  9:47  Zealot x4  
  147  9:48  Zealot  
  157  9:55  Probe  
  157  9:59  Pylon  
  158  10:04  Stalker  
  158  10:05  Stalker x2  
  162  10:09  Zealot x4  
  170  10:21  Archon  
  164  10:27  Zealot  
  143  10:29  Colossus (Chrono Boost)  
  143  10:35  Stalker x3  
  124  10:41  Stalker x3  
  112  10:46  Colossus (Chrono Boost)  
  106  10:56  Stalker x2  
  110  10:58  Stalker  
  110  10:59  Stalker  
  114  11:08  High Templar  
  114  11:09  Zealot x3  
  122  11:22  High Templar, Zealot x3  
  130  11:28  Gateway  
  130  11:29  Probe x2  
  130  11:30  Gateway  
  132  11:33  Pylon  
  132  11:35  Pylon  
  132  11:42  Stalker x2  
  132  11:43  Stalker, Zealot x3  
  132  11:45  Protoss Ground Weapons Level 3 (Chrono Boost)  
  136  11:58  Pylon  
  136  12:05  Dark Shrine  
  136  12:14  Zealot x2  
  140  12:19  Nexus  
  140  12:21  Pylon  
  140  12:24  Disruptor (Chrono Boost)  
  140  12:26  Disruptor (Chrono Boost)  
  146  12:43  High Templar  
  148  12:44  High Templar  
  148  12:46  Probe x2  
  148  12:48  Probe  
  153  12:52  Photon Cannon  
  153  12:54  Disruptor (Chrono Boost), Photon Cannon  
  153  12:55  Shield Battery  
  153  12:57  Disruptor (Chrono Boost)  
  153  12:58  Gravitic Drive (Chrono Boost), Shield Battery  
  159  13:02  Probe x2  
  161  13:05  Pylon  
  161  13:06  Zealot  
  163  13:17  Disruptor (Chrono Boost)  
  163  13:19  Dark Templar x3  
  172  13:20  Dark Templar x2  
  172  13:25  Shadow Stride (Chrono Boost)  
  176  13:37  Observer  
  176  13:41  High Templar  
  178  13:43  Probe  
  178  13:44  Probe  
  178  13:45  Probe  
  181  13:55  Stargate, High Templar  
  179  14:00  Zealot x7  
  195  14:03  Photon Cannon  
  195  14:05  Probe x3, Photon Cannon  
  198  14:23  Assimilator  
  198  14:26  Assimilator  
  193  14:48  Stalker x3  
  174  15:24  Stalker  
  174  15:25  Stalker x6  
  174  15:26  Stalker  
  183  15:53  Dark Templar x4  
  183  15:56  Zealot x2  
  195  15:58  Nexus  
  195  16:02  Oracle (Chrono Boost)  
  195  16:03  Pylon  
  191  16:05  Pylon  
  191  16:09  Observer  
  195  16:18  Pylon  
  185  16:29  Zealot x3  
  185  16:30  Zealot x3  
  157  17:09  Disruptor (Chrono Boost)  
  157  17:10  High Templar x3  
  157  17:11  Stalker x5  
  157  17:12  Zealot x2  
  155  17:33  Stalker x2  
  155  17:34  Stalker  
Show
View Real Time Build Order
Export as new Build Order

kirby Terran 

Build Orders: Reaper Expand 

Get SALT Encoding   

  12  0:00  SCV  
  13  0:12  SCV  
  14  0:16  Supply Depot  
  14  0:24  SCV  
  15  0:38  SCV  
  15  0:40  Barracks  
  16  0:44  Refinery  
  16  0:50  SCV  
  17  1:02  SCV  
  18  1:14  SCV  
  19  1:27  Orbital Command  
  19  1:28  Reaper  
  20  1:45  Command Center  
  20  1:53  SCV  
  21  1:55  Supply Depot  
  21  2:00  Marine  
  22  2:05  SCV  
  23  2:11  Factory  
  23  2:16  Bunker  
  23  2:18  SCV  
  24  2:24  Barracks Reactor  
  24  2:30  SCV  
  25  2:42  SCV  
  25  2:43  Refinery  
  26  2:54  SCV  
  27  3:02  Hellion  
  27  3:03  Starport  
  29  3:06  SCV  
  29  3:10  Marine  
  31  3:24  SCV, Marine  
  31  3:26  Orbital Command  
  33  3:36  SCV  
  33  3:39  Marine  
  33  3:40  Medivac, Widow Mine  
  39  3:41  Marine  
  39  3:44  Supply Depot  
  41  3:48  SCV  
  41  3:57  SCV  
  41  3:58  Marine  
  41  4:00  SCV  
  44  4:05  Widow Mine  
  47  4:10  SCV, Marine  
  47  4:12  SCV  
  47  4:13  Starport Tech Lab  
  47  4:17  Supply Depot  
  49  4:18  Barracks  
  49  4:19  Barracks  
  49  4:22  SCV  
  50  4:27  SCV  
  49  4:36  SCV  
  50  4:39  SCV  
  50  4:42  Marine x2  
  50  4:43  Factory Tech Lab  
  50  4:44  Raven  
  54  4:48  SCV  
  54  4:49  Engineering Bay  
  54  4:50  Refinery, Supply Depot  
  54  4:51  SCV  
  56  5:01  SCV  
  56  5:05  SCV  
  58  5:13  SCV, Marine  
  58  5:14  Marine  
  61  5:15  Marauder, Stimpack, Factory Reactor  
  61  5:17  SCV, Terran Infantry Weapons Level 1  
  61  5:20  Supply Depot  
  64  5:24  Command Center  
  64  5:25  SCV  
  64  5:27  Refinery  
  65  5:30  SCV  
  65  5:32  Marine x2  
  68  5:36  Marauder, Combat Shield  
  68  5:41  Starport Reactor  
  68  5:42  SCV x2  
  72  5:46  Marauder  
  68  5:51  Marine  
  68  5:52  Marine  
  68  5:54  SCV x2  
  72  5:58  Supply Depot  
  72  5:59  Marauder  
  72  6:01  Widow Mine, Supply Depot  
  76  6:06  SCV x2  
  78  6:12  Marine x2  
  78  6:13  Marauder  
  78  6:14  Widow Mine  
  84  6:19  Medivac  
  84  6:20  Medivac  
  84  6:22  Marauder  
  84  6:24  SCV x2  
  92  6:30  Marine, Widow Mine  
  92  6:31  Marine  
  96  6:34  Marauder  
  96  6:36  SCV, Supply Depot  
  96  6:37  Supply Depot  
  99  6:41  SCV  
  99  6:43  Marauder  
  102  6:47  SCV  
  102  6:55  Concussive Shells  
  102  6:59  SCV  
  102  7:00  SCV  
  104  7:10  Missile Turret  
  104  7:11  Missile Turret, Terran Infantry Armor Level 1  
  104  7:12  Barracks, SCV x2  
  104  7:13  Barracks, Bunker, Supply Depot  
  104  7:15  Marine, Supply Depot  
  107  7:17  Marine  
  108  7:24  SCV  
  103  7:36  Marauder x2, Marine  
  90  7:47  Marine  
  90  7:50  SCV x2  
  67  7:51  Medivac x2  
  83  7:52  Widow Mine x2, Ghost Academy  
  83  7:53  Marine  
  83  7:57  Marauder x2  
  94  7:58  Orbital Command  
  94  8:03  SCV x2  
  96  8:10  Missile Turret  
  96  8:11  Missile Turret  
  96  8:13  Missile Turret  
  96  8:15  SCV x2  
  96  8:16  Marine  
  96  8:17  Marine  
  96  8:18  Marine  
  96  8:19  Marine x2  
  103  8:20  Marine  
  103  8:25  SCV  
  105  8:27  SCV x2  
  105  8:28  Medivac x2  
  111  8:39  SCV  
  111  8:40  Barracks Tech Lab, Barracks Reactor  
  112  8:41  Command Center  
  112  8:44  Supply Depot  
  112  8:45  Enhanced Shockwaves  
  112  8:46  Supply Depot  
  112  8:47  Ghost  
  114  8:49  Ghost  
  114  8:55  Marine x2  
  118  8:58  Widow Mine x2  
  118  9:02  Liberator x2  
  128  9:04  Ghost  
  130  9:10  Refinery x2  
  130  9:13  Marine  
  130  9:16  Marauder  
  133  9:22  Ghost  
  133  9:24  Marine x3  
  134  9:31  Marine  
  135  9:32  Engineering Bay, Armory  
  135  9:33  Marine  
  135  9:34  Supply Depot x2  
  135  9:36  Widow Mine x2  
  140  9:46  Marauder, Marine x3  
  140  9:51  Marauder  
  147  9:57  Marine  
  147  9:58  Marauder  
  149  10:04  Marine x2  
  151  10:07  Marauder  
  151  10:11  Missile Turret  
  151  10:19  Missile Turret  
  151  10:20  Missile Turret  
  109  10:48  Marauder x2, Marine x4  
  109  10:49  Marine  
  115  11:00  Barracks x2  
  115  11:02  Barracks, Terran Infantry Weapons Level 2  
  115  11:03  Terran Infantry Armor Level 2, Terran Ship Weapons Level 1  
  115  11:04  Nuke  
  115  11:06  Marine x2  
  115  11:07  Marauder, Liberator x2  
  115  11:09  Marine x2  
  115  11:10  Marauder, Marine  
  127  11:24  Marine x2  
  129  11:27  Ghost  
  131  11:32  Refinery  
  131  11:34  Refinery  
  131  11:36  SCV  
  131  11:37  SCV x2  
  131  11:39  Planetary Fortress  
  133  11:49  SCV x2  
  135  12:03  Barracks Reactor  
  135  12:06  Viking  
  137  12:08  Starport  
  137  12:09  Viking  
  138  12:27  Marine x3  
  138  12:28  Marauder  
  143  12:30  Marauder, Marine x2  
  143  12:31  Marauder  
  149  12:40  Marine x2  
  149  12:43  Viking x2  
  155  12:45  Marine x2  
  155  12:49  Barracks Tech Lab, Marauder, Viking x2  
  155  12:50  Barracks Tech Lab  
  163  12:54  Marine  
  163  12:57  Terran Ship Weapons Level 2, Marine  
  169  13:01  Marine, Widow Mine x2  
  169  13:04  Command Center  
  169  13:05  Command Center  
  174  13:10  Marauder x2, Marine x3  
  174  13:12  Ghost x2  
  177  13:13  Viking  
  177  13:17  Personal Cloaking  
  183  13:28  Viking x2, Ghost  
  183  13:29  Viking  
  191  13:39  Ghost x2  
  195  13:52  Command Center  
  195  13:54  Missile Turret  
  195  13:56  Marine  
  195  14:01  Supply Depot  
  196  14:05  Terran Infantry Weapons Level 3  
  196  14:06  Terran Infantry Armor Level 3  
  196  14:16  Marine x4  
  200  14:26  Marine  
  200  14:45  Marauder  
  200  14:58  Orbital Command x2  
  200  15:04  Marauder  
  157  15:30  Marauder x2, Marine x5  
  157  15:31  Marine x3  
  169  15:38  Orbital Command  
  164  15:50  Marine  
  164  15:51  Marauder x2, Marine x3  
  169  16:00  Planetary Fortress  
  168  16:13  Marauder x2, Marine, Refinery  
  157  16:26  Nuke  
  157  16:29  Ghost Academy  
  157  16:32  Command Center  
  156  16:37  Marauder x2, Marine x4  
  162  16:40  Ghost  
  162  16:46  SCV  
  162  16:47  SCV x3  
  166  16:48  Marine x2  
  165  17:06  Marine  
  144  17:08  Ghost  
  144  17:10  Marine x3  
  144  17:14  Marine  
  149  17:16  SCV x3  
  123  17:24  Marine  
  123  17:28  Marine x2  
Tags
 
Add a new tag
Caveats
  • Supply blocks, unpowered buildings, or Contaminate may cause inaccurate times.
  • Supply counts are checked every 10 seconds.